 Dungeon Crawl Stone Soup version 0.18.1-50-g88ac8fd (webtiles) character file.

1967 epen the Martial Artist (level 9, -1/72 HPs)
             Began as a Merfolk Monk on Sept 15, 2016.
             Was an Initiate of Ru.
             Killed by divine providence
             ... invoked by an orc priest
              (12 damage)
             ... on level 7 of the Dungeon.
             The game lasted 00:07:43 (6088 turns).

epen the Martial Artist (Merfolk Monk)              Turns: 6088, Time: 00:07:43

Health: -1/72      AC: 13    Str:  9    XL:     9   Next: 19%
Magic:  9/9        EV: 15    Int: 11    God:    Ru [......]
Gold:   238        SH:  0    Dex: 18    Spells: 0 memorised, 8 levels left

rFire  + . .     SeeInvis .       - Unarmed
rCold  . . .     Gourm    .     C - +1 ring mail of Jaugohing {rElec rF+ rN+ Regen+}
rNeg   + . .     Faith    .     (no shield)
rPois  .         Spirit   .     y - +2 hat
rElec  +         Dismiss  .     (no cloak)
rCorr  .         Reflect  .     (no gloves)
SustAt +         Harm     .     f - +1 pair of boots
MR     .....                    (no amulet)
Stlth  ++........               (no ring)
                                v - ring of sustain attributes

@: not resistant to hostile enchantments, unstealthy
A: change form in water, swift swim, horns 1, icy blue scales 1, slimy green
scales 1, blurry vision 1, weak 1, MP-powered wands
a: Renounce Religion


You were on level 7 of the Dungeon.
You worshipped Ru.
Ru was noncommittal.
You were not hungry.

You visited 1 branch of the dungeon, and saw 7 of its levels.

You collected 238 gold pieces.

Inventory:

Armour
 a - a +0 robe
 f - a +1 pair of boots (worn)
 q - a +0 ring mail
 y - a +2 hat (worn)
 C - the +1 ring mail of Jaugohing (worn) {rElec rF+ rN+ Regen+}
   (You found it on level 5 of the Dungeon)

   It protects you from fire.
   It insulates you from electricity.
   It protects you from negative energy.
   It increases your rate of regeneration.
Jewellery
 v - a ring of sustain attributes (left hand)
Wands
 s - a wand of flame (16/48)
 D - a wand of hasting (9/9)
 F - a wand of flame (1/48)
Scrolls
 d - a scroll of enchant armour
 e - a scroll of recharging
 h - 2 scrolls of remove curse
 k - 3 scrolls of teleportation
 n - a scroll of immolation
 p - 2 scrolls of enchant weapon
 E - a scroll of holy word
Potions
 c - 3 potions of brilliance
 j - 3 potions of curing
 m - a potion of degeneration {unknown}
 o - a potion of might
 r - a potion of resistance {unknown}
 B - a potion of agility
 G - a potion of berserk rage
Comestibles
 b - 6 bread rations
 g - 2 meat rations
 l - 4 fruits
 u - a beef jerky
 H - 3 chunks of flesh
 I - a slice of pizza


   Skills:
 + Level 7.2 Fighting
 + Level 8.6 Dodging
 - Level 2.1 Stealth
 * Level 10.1 Unarmed Combat


You had 8 spell levels left.
You didn't know any spells.

Dungeon Overview and Level Annotations

Branches:
Dungeon (7/15)             Temple (0/1) D:5

Altars:
Dithmenos
Makhleb
Okawaru
Ru
Vehumet
Zin


Innate Abilities, Weirdness & Mutations

You revert to your normal form in water.
You are very nimble and swift while swimming.
You have a pair of small horns on your head.
You are partially covered in icy blue scales (AC +1).
You are partially covered in slimy green scales (AC +2).
Scrolls take you a little longer to read.
You are weak. (Str -2)
You expend magic power (3 MP) to strengthen your wands.


Message History

The orc priest calls down the wrath of Beogh upon you.
Beogh smites you!
* * * LOW HITPOINT WARNING * * *
You are too injured to fight recklessly!
Unknown command.
You hit the orc.
The orc is severely wounded.
The orc hits you with a hand axe.
* * * LOW HITPOINT WARNING * * *
The orc priest calls down the wrath of Beogh upon you.
Beogh smites you!
* * * LOW HITPOINT WARNING * * *
Drink which item? (? for menu, Esc to quit)
You feel better. The orc barely misses you.
Your ring mail of Jaugohing prevents you from hitting the orc.
The orc is severely wounded.
The orc hits you but does no damage.
The orc priest mumbles some strange prayers to Beogh against you.
Beogh smites you!
You die...

#.. .. #+# #.##.#
..#.# . ### #.#.#
..oo#####.######.#.#
..oZsoo@...........#
...o#####.####.....###
. #... ###.....#
#.##.# #.#.#.# ..# #
#...#.# ####.###.#...#
#.........#
#####<#..## ###..#


You could see a scorpion, 4 orc priests, 2 orcs and a hound skeleton.

Vanquished Creatures
  Prince Ribbit (D:5)
  Sigmund (D:5)
  Duvessa (D:5)
  2 orc warriors
  2 sky beasts
  A necrophage (D:5)
  An ogre (D:4)
  Dowan (D:5)
  A scorpion (D:4)
  4 crimson imps
  2 hounds
  An orc priest (D:5)
  5 orc wizards
  3 iguanas
  5 worker ants
  A hound zombie (D:7)
  6 gnolls
  5 adders
  A shadow imp (D:6)
  4 oozes
  An adder skeleton (D:4)
  4 worms
  6 dart slugs
  A giant gecko (D:2)
  26 orcs
  4 bats
  9 giant cockroaches
  9 goblins
  9 hobgoblins
  13 jackals
  A quokka (D:5)
  3 ball pythons
  4 giant newts
  2 kobolds
  7 rats
147 creatures vanquished.

Notes
Turn   | Place    | Note
--------------------------------------------------------------
     0 | D:1      | epen the Merfolk Monk began the quest for the Orb.
     0 | D:1      | Reached XP level 1. HP: 18/18 MP: 1/1
   159 | D:1      | Reached XP level 2. HP: 12/24 MP: 2/2
   622 | D:1      | Reached XP level 3. HP: 25/29 MP: 3/3
   759 | D:1      | Reached skill level 5 in Unarmed Combat
  1193 | D:2      | Reached XP level 4. HP: 37/37 MP: 4/4
  2356 | D:3      | Reached XP level 5. HP: 39/42 MP: 5/5
  2511 | D:3      | Found a glowing silver altar of Zin.
  2558 | D:4      | Reached skill level 5 in Dodging
  2878 | D:4      | Reached skill level 6 in Unarmed Combat
  2949 | D:4      | Reached XP level 6. HP: 19/49 MP: 6/6
  3189 | D:4      | Reached skill level 5 in Fighting
  3870 | D:5      | Entered Level 5 of the Dungeon
  3878 | D:5      | Found a sacrificial altar of Ru.
  3888 | D:5      | Reached skill level 7 in Unarmed Combat
  3888 | D:5      | Reached XP level 7. HP: 56/56 MP: 7/7
  3896 | D:5      | Became a worshipper of Ru the Awakened
  3986 | D:5      | Found a staircase to the Ecumenical Temple.
  4018 | D:5      | Noticed Sigmund
  4032 | D:5      | Killed Sigmund
  4281 | D:5      | Got a steaming ring mail
  4292 | D:5      | Identified the cursed +1 ring mail of Jaugohing {rElec rF+ rN+ Regen+} (You found it on level 5 of the Dungeon)
  4376 | D:5      | Noticed Prince Ribbit
  4404 | D:5      | Killed Prince Ribbit
  4404 | D:5      | Reached skill level 8 in Unarmed Combat
  4404 | D:5      | Reached XP level 8. HP: 17/64 MP: 8/8
  4759 | D:5      | Noticed Duvessa
  4779 | D:5      | Killed Duvessa
  4779 | D:5      | Reached skill level 9 in Unarmed Combat
  4780 | D:5      | Noticed Dowan
  4785 | D:5      | Killed Dowan
  5524 | D:6      | Gained mutation: You are partially covered in icy blue scales (AC +1). [mutagenic meat]
  5525 | D:6      | Gained mutation: You expend magic power (3 MP) to strengthen your wands. [mutagenic meat]
  5526 | D:6      | Gained mutation: Scrolls take you a little longer to read. [mutagenic meat]
  5527 | D:6      | Gained mutation: You are weak. (Str -2) [mutagenic meat]
  5575 | D:6      | Reached XP level 9. HP: 71/71 MP: 9/9
  5653 | D:6      | Found a radiant altar of Vehumet.
  5653 | D:6      | Found a burning altar of Makhleb.
  5861 | D:6      | Gained mutation: You have a pair of small horns on your head. [potion of mutation]
  5861 | D:6      | Gained mutation: You are partially covered in slimy green scales (AC +2). [potion of mutation]
  5928 | D:6      | Found an iron altar of Okawaru.
  5937 | D:6      | Reached skill level 10 in Unarmed Combat
  6016 | D:6      | Found a shadowy altar of Dithmenos.
  6088 | D:7      | Killed from afar by an orc priest

Skill      XL: |  1  2  3  4  5  6  7  8  9 |
---------------+----------------------------+-----
Unarmed Combat | 5 6 7 8 9 10 | 10.1
Fighting       | 4 5 6 7 |  7.2
Dodging        | 5 7 8 |  8.6
Stealth        | |  2.1

Action                   |  1- 3 |  4- 6 |  7- 9 || total
-------------------------+-------+-------+-------++-------
Melee: Unarmed           |    99 |   246 |   303 ||   648
       Punch             |     1 |     8 |    17 ||    26
       Headbutt          |       |       |     6 ||     6
Invok: Reject Sacrifices |       |       |     1 ||     1
  Use: Potion            |       |     2 |     2 ||     4
       Scroll            |       |       |    16 ||    16
 Stab: Sleeping          |     4 |     7 |     1 ||    12
       Distracted        |     2 |     1 |       ||     3
       Invisible         |       |     1 |       ||     1
       Paralysed         |       |       |     1 ||     1
  Eat: Chunk             |     1 |     8 |    12 ||    21
Armor: Robe              |    16 |    14 |       ||    30
       Ring mail         |       |    32 |    72 ||   104
Dodge: Dodged            |    65 |   151 |   144 ||   360
